 Dungeon Crawl Stone Soup version 0.15-a0-910-gf78ccf3 (webtiles) character file.

1497771 Fizybubbleh the Slayer (level 26, 227/240 HPs)
             Began as a Merfolk Ice Elementalist on May 18, 2014.
             Was the Champion of Ashenzari.
             Escaped with the Orb
             ... and 3 runes on May 20, 2014!
             The game lasted 08:34:42 (82251 turns).

Fizybubbleh the Slayer (Merfolk Ice Elementalist)  Turns: 82251, Time: 08:34:42

HP 227/240       AC 18     Str 13      XL: 26   Next: 41%
MP  36/36        EV 33     Int 20      God: Ashenzari [******]
Gold 2338        SH  0     Dex 18      Spells: 14 memorised,  7 levels left

rFire  + . .     SeeInvis +     L - +4,+5 glaive (vamp) (curse)
rCold  + . .     Clarity  +     j - +4 troll leather armour (curse)
rNeg   + . .     Conserve +     (no shield)
rPois  .         rCorr    +     C - +2 hat {MR+} (curse)
rElec  .         rRot     .     n - +2 cloak {rCorr, Cons} (curse)
SustAb .         Spirit   .     x - +3 pair of gauntlets of War {Acc+5 Dam+5}
rMut   +         Warding  .     K - +2 pair of boots (curse)
Gourm  .         Stasis   .     X - cursed amulet of resist mutation
MR     +++..                    t - ring "Shoevir" {rF+ rN+ MR+ Str+2}
                                y - cursed +5,+6 ring of slaying

@: very slightly contaminated, hasted, very quick, extremely resistant to
hostile enchantments, unstealthy
A: change form in water, swift swim, berserk 1, cold resistance 1, deformed
body, low mp 1
a: Scrying, Transfer Knowledge, Renounce Religion
0: Orb of Zot
}: 3/15 runes: decaying, serpentine, silver


You escaped.
You worshipped Ashenzari.
Ashenzari was exalted by your worship.
You were not hungry.

You visited 10 branches of the dungeon, and saw 56 of its levels.
You also visited: Labyrinth, Bailey and Ice Cave.

You collected 6873 gold pieces.
You spent 4535 gold pieces at shops.

Inventory:

Hand weapons
 L - a cursed +4,+5 vampiric glaive (weapon)
Armour
 j - a cursed +4 troll leather armour (worn)
 n - a cursed +2 cloak of preservation (worn)
 x - the cursed +3 pair of gauntlets of War (worn) {Acc+5 Dam+5}
   (You acquired it on level 1 of the Lair of Beasts)

   It affects your accuracy with ranged weapons and melee attacks (+5).
   It affects your damage with ranged weapons and melee attacks (+5).
   It has a curse placed upon it.
 C - a cursed +2 hat of magic resistance (worn)
 K - a cursed +2 pair of boots (worn)
Magical devices
 G - a wand of disintegration (11)
 J - a wand of digging (10)
Comestibles
 k - 14 strawberries
 P - an apple
 R - a meat ration
Scrolls
 b - 7 scrolls of blinking
 f - 4 scrolls of fog
 z - 4 scrolls of teleportation
 A - a scroll of silence
 B - 5 scrolls of fear
 H - a scroll of summoning
 T - 2 scrolls of holy word
 U - 4 scrolls of recharging
Jewellery
 h - an uncursed ring of protection from cold
 t - the ring "Shoevir" (right hand) {rF+ rN+ MR+ Str+2}
   (You found it on level 1 of the Vaults)

   [ring of strength]

   It affects your strength (+2).
   It protects you from fire.
   It protects you from negative energy.
   It affects your resistance to hostile enchantments.
 v - an uncursed ring of poison resistance
 y - a cursed +5,+6 ring of slaying (left hand)
 D - an uncursed ring of protection from cold
 F - an uncursed ring of positive energy
 M - an uncursed amulet of rage
 O - the ring "Hecet" {+Fly rF+ Int+2}
   (You found it on level 3 of the Depths)

   [ring of protection from fire]

   It affects your intelligence (+2).
   It protects you from fire.
   It lets you fly.
 W - an uncursed ring of protection from magic
 X - a cursed amulet of resist mutation (around neck)
Potions
 a - a potion of porridge
 l - a potion of resistance
 m - 2 potions of invisibility
 o - 2 potions of haste
 p - 3 potions of magic
 q - 10 potions of curing
 r - 5 potions of brilliance
 s - 9 potions of heal wounds
 u - 4 potions of agility
 E - a potion of berserk rage
 I - 2 potions of might
 N - 2 potions of restore abilities
Miscellaneous
 Q - a fan of gales
 S - a phial of floods (inert)
 V - a sack of spiders {used: 3}
 Y - a sack of spiders {used: 2}
 Z - a fan of gales


   Skills:
 + Level 26.9 Fighting
 - Level 17.0(22.0) Polearms
 + Level 26.9(27) Dodging
 - Level 8.0(12.4) Stealth
 - Level 12.0 Spellcasting
 - Level 6.0(9.1) Conjurations
 - Level 10.0(12.8) Charms
 - Level 17.1(19.5) Ice Magic
 - Level 3.0(5.6) Air Magic
 - Level 13.4(16.0) Evocations


You had 7 spell levels left.
You knew the following spells:

 Your Spells              Type           Power        Failure   Level  Hunger
a - Song of Slaying       Chrm           ######..     1%          2    None
b - Ozocubu's Armour      Chrm/Ice       ######....   1%          3    None
c - Condensation Shield   Ice            ######....   1%          4    #......
d - Throw Icicle          Conj/Ice       ######..     1%          4    #......
e - Summon Ice Beast      Ice/Summ       ######..     1%          4    #......
f - Blink                 Tloc           N/A          10%         2    None
g - Repel Missiles        Chrm/Air       #####.       1%          2    None
h - Freezing Cloud        Conj/Ice/Air   ######....   12%         6    ######.
i - Freeze                Ice            ####         0%          1    None
j - Spectral Weapon       Hex/Chrm       #####...     1%          3    None
o - Apportation           Tloc           ##........   6%          1    None
B - Summon Butterflies    Summ           ##......     6%          1    None
H - Haste                 Chrm           ######..     6%          6    ######.
R - Regeneration          Chrm/Necr      #####.....   1%          3    None


Dungeon Overview and Level Annotations

Branches:
Dungeon (15/15)            Temple (1/1) D:4             Orc (4/4) D:12
    Elf (3/3) Orc:3          Lair (8/8) D:8           Swamp (5/5) Lair:6
  Snake (5/5) Lair:3        Slime (0/6) Lair:7       Vaults (5/5) D:13
  Blade (0/1) Vaults:3      Crypt (0/3) Vaults:3        Zot (5/5) Depths:5
 Depths (5/5) D:15

Altars:
Ashenzari
Cheibriados
Dithmenos
Elyvilon
Fedhas
Gozag
Kikubaaqudgha
Makhleb
Nemelex Xobeh
Okawaru
Qazlal
Sif Muna
Trog
Vehumet
Xom
Yredelemnul
Zin
The Shining One
Beogh
Jiyva
Lugonu

Shops:
D:5 (   D:11 *   D:13 [   D:15 [   Orc:1 (![   Orc:3 !   Orc:4 *[}?   Elf:2 *
Vaults:4 [   Vaults:5 :   Depths:1 [   Depths:4 [?(!

Portals:
Hell: Depths:1 Depths:2 Depths:3 Depths:4 Depths:5
Abyss: Depths:1 Depths:3 Depths:4
Pandemonium: Depths:1 Depths:3 Depths:5
Ziggurat: Depths:5
Trove: Elf:1 (show horn of Geryon)

Annotations:
D:4 exclusion: player ghost, haldagan's ghost, average OpFi
D:8 exclusion: downstairs
D:9 1 exclusion
Snake:2 exclusion: Roxanne, Roxanne
Vaults:1 3 exclusions
Depths:4 exclusions: door and 1 more exclusion


Innate Abilities, Weirdness & Mutations

You revert to your normal form in water.
You are very nimble and swift while swimming.
You tend to lose your temper in combat.
Your flesh is cold resistant.
Armour fits poorly on your strangely shaped body.
Your magical capacity is low (-10% MP).


Message History

The blizzard demon hits you but does no damage.
The blizzard demon hits you.
You slash the crimson imp!
The crimson imp is almost dead.
The crimson imp completely misses you.
You slash the blizzard demon!
You kill the blizzard demon!
You slash the crimson imp!
You kill the crimson imp!
You see here a +2 robe.
There is an open gate here.
There is an open door here.
There is a staircase leading out of the dungeon here.
Put on which piece of jewellery? (? for menu, Esc to quit)
Okay, then.
Unknown command.
Unknown command.
Unknown command.
You can't go down here!
You have escaped!

###################
#....#...8...#....#
#.@..#.....8.'..⌠.#
#....#...⌠...#....#
#....'.8...8.#....#
###..#.......#..###
####..8.8..####♣.
♣♣♣ #.(.....##♣♣..
#♣.♣♣###...###♣....
#...♣♣♣#'''#♣.♣....
#...............♣##


There were no monsters in sight!

Vanquished Creatures
  4 orbs of fire (Zot:5)
  3 ancient liches
  the Lernaean hydra (Swamp:5)
  Norris (Vaults:2)
  2 Killer Klowns (Zot:5)
  Mennas (Vaults:2)
  3 golden dragons
  An electric golem (Zot:5)
  5 bone dragons
  Nikola (Snake:2)
  6 tentacled monstrosities
  21 Orb Guardians (Zot:5)
  A lich (Depths:5)
  A quicksilver dragon (Depths:5)
  2 deep elf master archers (Elf:3)
  A deep elf blademaster (Elf:3)
  5 storm dragons
  4 titans
  4 sphinxes (Vaults:5)
  7 tengu reavers
  2 large abominations (Vaults:5)
  A blood saint (D:1)
  Rupert (Swamp:2)
  Frances (Swamp:3)
  Kirke (Swamp:2)
  7 shadow dragons
  6 greater nagas
  2 draconian monks (Depths:5)
  12 fire giants
  5 deep elf sorcerers (Elf:3)
  Maud (D:15)
  A ghost moth (Zot:5)
  2 iron dragons
  8 frost giants
  Aizul (Depths:1)
  An emperor scorpion (Depths:2)
  14 vault wardens
  2 octopode crushers (Depths:3)
  Jorgrun (Vaults:3)
  10 deep elf demonologists
  2 spriggan defenders (Depths:5)
  22 stone giants
  A reaper (Depths:3)
  A green draconian (Depths:5)
  A grey draconian (Zot:5)
  2 black draconians (Depths:5)
  2 vampire knights
  7 deep elf annihilators (Elf:3)
  A white draconian (Zot:5)
  A red draconian (Zot:3)
  3 mottled draconians
  A purple draconian (Depths:5)
  6 dire elephants
  13 ettins
  4 minotaurs
  6 dancing weapons
  A blizzard demon (D:1)
  2 rakshasas
  A merfolk impaler (Depths:3)
  20 yaktaur captains
  32 vault guards
  8 fire dragons
  9 deep elf death magi
  6 death cobs (Zot:5)
  5 deep elf high priests
  16 ironheart preservers
  7 great orbs of eyes
  23 hydras
  A ravenous item mimic (Swamp:4)
  3 spriggan air magi (Depths:5)
  10 naga warriors
  2 ravenous feature mimics
  10 ogre magi
  5 anacondas
  Nessos (Swamp:2)
  14 alligators
  10 deep troll earth magi
  A spectral frost giant (Vaults:5)
  Erica (D:13)
  11 ice dragons
  A shambling mangrove (Swamp:5)
  3 death yaks
  13 deep troll shamans
  9 naga sharpshooters
  A shock serpent (shapeshifter) (Vaults:5)
  A tengu warrior (Depths:1)
  6 orc high priests
  A catoblepas (D:12)
  4 hell knights (Depths:4)
  2 spectral elves
  A shadow wraith (Vaults:3)
  13 very ugly things
  11 centaur warriors
  11 iron trolls
  2 shock serpents (Snake:5)
  2 fire crabs (shapeshifter)
  5 spriggan berserkers
  A sun demon (Depths:3)
  5 skeletal warriors (D:14)
  4 flayed ghosts
  8 deep elf knights
  A fire crab (Vaults:4)
  5 unseen horrors
  6 wizards
  An orb spider (shapeshifter) (D:15)
  2 hell beasts
  13 deep elf summoners
  2 spriggan druids
  2 salamander mystics (Snake:5)
  8 naga ritualists
  7 hill giants
  2 torturous demonspawn (Depths:5)
  A giant orange brain (Vaults:1)
  A giant orange brain (shapeshifter) (D:13)
  An ice statue (IceCv)
  8 swamp dragons
  A swamp dragon (shapeshifter) (Vaults:5)
  A golden dragon skeleton (Depths:3)
  7 harpies (Vaults:4)
  A shadow demon (D:6)
  20 deep elf conjurers
  19 ironbrand convokers
  44 deep trolls
  4 necromancers
  20 orc knights
  9 mana vipers
  A wolf spider (shapeshifter) (Vaults:5)
  2 wolf spiders (Vaults:1)
  An oklob plant (Lair:7)
  3 moths of wrath
  10 cyclopes
  A manticore (Depths:4)
  A fire giant zombie (Depths:1)
  9 salamanders
  5 orc sorcerers
  A draconian (shapeshifter) (D:15)
  5 griffons
  A guardian serpent (shapeshifter) (Elf:3)
  A sphinx skeleton (Depths:3)
  A salamander (shapeshifter) (Depths:1)
  6 red wasps
  4 phantasmal warriors
  Maurice (D:11)
  34 black mambas
  11 elephants
  2 guardian serpents (Snake:4)
  A black mamba (shapeshifter) (D:15)
  A fire giant skeleton (Depths:3)
  An orange demon (D:1)
  18 vault sentinels
  A spiny frog (shapeshifter) (Vaults:4)
  4 komodo dragons
  26 spiny frogs
  A redback zombie (D:12)
  58 yaktaurs
  A fire drake (Lair:3)
  A fire drake (shapeshifter) (Depths:2)
  18 naga magi
  6 kobold demonologists
  2 hellwings
  An iron devil (Depths:5)
  14 deep elf priests
  A yaktaur skeleton (Depths:1)
  8 trolls
  10 giant leeches
  A red devil (Swamp:3)
  6 freezing wraiths
  5 giant fireflies
  A polar bear (shapeshifter) (Vaults:3)
  16 polar bears
  A tengu conjurer (Depths:1)
  3 blue devils
  7 boggarts
  9 ravens
  6 baby alligators (Swamp:5)
  30 slime creatures
  A fire vortex (Lair:7)
  2 deep troll zombies
  A baby alligator (shapeshifter) (Depths:1)
  A hydra skeleton (D:13)
  7 boulder beetles
  14 two-headed ogres
  3 air elementals
  A brown ooze (shapeshifter) (Vaults:1)
  18 bog bodies
  A blink frog (shapeshifter) (Vaults:1)
  A frost giant simulacrum (Vaults:1)
  A human simulacrum (Vaults:3)
  A boulder beetle (shapeshifter) (Vaults:2)
  12 blink frogs
  2 shadows
  A tarantella (Elf:1)
  3 basilisks
  A wraith (Vaults:1)
  13 water elementals
  5 redbacks
  8 spriggans
  3 trapdoor spiders
  A fire elemental (Lair:7)
  3 vampires (Vaults:3)
  An ettin skeleton (Depths:1)
  A griffon skeleton (D:12)
  A yaktaur simulacrum (Vaults:1)
  4 hogs (Swamp:2)
  11 sharks
  A tarantella (shapeshifter) (Depths:2)
  A hill giant zombie (D:8)
  Eustachio (D:8)
  48 ugly things
  5 fire bats (Lair:7)
  A spriggan (shapeshifter) (Vaults:1)
  49 yaks
  23 deep elf magi
  A trapdoor spider (shapeshifter) (D:15)
  3 wyverns
  An orc simulacrum (Vaults:2)
  Grum (D:13)
  2 hill giant skeletons
  2 steam dragons
  7 hippogriffs
  3 hungry ghosts
  25 wolves
  A chaos spawn (Vaults:2)
  37 deep elf fighters
  2 human zombies (Depths:3)
  2 mottled dragons
  56 nagas
  27 vampire mosquitoes
  5 wargs
  26 swamp worms
  An ogre skeleton (D:12)
  33 water moccasins
  11 porcupines
  41 orc warriors
  11 ice beasts
  A yellow wasp (Swamp:5)
  3 black bears
  4 sky beasts
  11 swamp drakes
  2 phantoms
  40 ogres
  20 crocodiles
  A lost soul (Elf:3)
  A giant frog (shapeshifter) (Depths:4)
  13 centaurs
  16 giant slugs
  Blork the orc (D:6)
  2 boring beetles
  40 giant frogs
  6 big kobolds
  6 earth elementals (D:12)
  25 insubstantial wisps
  4 eyes of draining
  A troll zombie (D:12)
  6 wights
  A cyclops skeleton (D:10)
  2 tengu zombies
  2 scorpions
  11 electric eels
  A hippogriff zombie (D:12)
  10 killer bees
  A yak skeleton (D:10)
  8 crimson imps
  A centaur zombie (D:8)
  A goliath beetle (Lair:2)
  18 big fish
  2 quasits
  12 iguanas
  Crazy Yiuf (D:7)
  33 orc priests
  18 hounds
  22 orc wizards
  An iron imp (Vaults:2)
  6 orange rats
  10 worker ants
  17 sheep
  7 ogre zombies (D:12)
  A hound skeleton (D:4)
  A mummy (D:12)
  60 green rats
  A worker ant zombie (D:5)
  19 gnolls
  16 orc zombies
  25 adders
  3 shadow imps
  14 white imps
  2 giant mites
  9 worms
  14 giant geckos
  2 oozes
  208 orcs
  30 bats
  23 goblins
  26 hobgoblins
  28 jackals
  16 quokkas
  A ball python (D:3)
  5 giant cockroaches
  A giant gecko skeleton (D:7)
  7 giant newts
  A giant spore (D:8)
  2 goblin skeletons (D:12)
  3 goblin zombies (D:12)
  A hobgoblin skeleton (D:6)
  4 hobgoblin zombies
  47 kobolds
  A kobold skeleton (D:6)
  2 orc skeletons (D:12)
  A quokka skeleton (D:7)
  25 rats
  A ballistomycete (D:8)
  2 crawling corpses (Vaults:2)
  A fungus (Elf:1)
  A plant (Swamp:5)
2614 creatures vanquished.

Vanquished Creatures (collateral kills)
  Vashnia (Snake:2)
  A deep elf blademaster (Elf:3)
  A spriggan air mage (Depths:5)
  A naga warrior (Snake:2)
  3 naga sharpshooters (Snake:2)
  A swamp dragon (Swamp:5)
  A black mamba (Snake:2)
  A black mamba (shapeshifter) (D:13)
  A bog body (Swamp:5)
  A basilisk (Lair:1)
  A trapdoor spider (shapeshifter) (D:13)
  A naga (Snake:2)
  A swamp drake (Swamp:5)
  An adder (Lair:1)
  A quokka (Lair:1)
17 creatures vanquished.

Vanquished Creatures (others)
  5 spectral weapons
  2 frost giants (Depths:1)
  A flayed ghost (Vaults:4)
  A shadow demon (Zot:5)
  A harpy (Vaults:4)
  An air elemental (Snake:2)
  A vault sentinel (Vaults:2)
  2 jumping spiders
  14 water elementals
  A bog body (Swamp:5)
  3 trapdoor spiders
  5 redbacks
  A spriggan (Swamp:3)
  2 humans (Swamp:2)
  A giant slug (Depths:1)
  A butterfly (Vaults:1)
  5 fungi
  9 plants
56 creatures vanquished.

Grand Total: 2687 creatures vanquished

Notes
Turn   | Place    | Note
--------------------------------------------------------------
     0 | D:1      | Fizybubbleh, the Merfolk Ice Elementalist, began the quest for the Orb.
     0 | D:1      | Reached XP level 1. HP: 13/13 MP: 3/3
    68 | D:1      | Reached XP level 2. HP: 16/19 MP: 0/4
   419 | D:1      | Reached skill level 4 in Ice Magic
   920 | D:1      | Reached XP level 3. HP: 24/24 MP: 3/6
  1482 | D:2      | Learned a level 3 spell: Ozocubu's Armour
  1886 | D:2      | Reached XP level 4. HP: 17/30 MP: 2/8
  2205 | D:2      | Reached skill level 5 in Ice Magic
  3249 | D:3      | Reached skill level 1 in Polearms
  3315 | D:4      | Found a staircase to the Ecumenical Temple.
  3337 | Temple   | Entered the Ecumenical Temple
  3438 | Temple   | Became a worshipper of Ashenzari the Shackled
  3490 | D:4      | Reached XP level 5. HP: 22/35 MP: 7/10
  3627 | D:4      | Noticed haldagan's ghost (average OpFi)
  4619 | D:5      | Entered Level 5 of the Dungeon
  4628 | D:5      | Reached XP level 6. HP: 21/41 MP: 4/13
  5105 | D:5      | Noticed a phantom
  5113 | D:5      | Reached skill level 6 in Ice Magic
  5202 | D:5      | Killed a phantom
  5468 | D:5      | Noticed a black bear
  5478 | D:5      | Noticed a phantom
  5479 | D:5      | Killed a black bear
  5479 | D:5      | Reached XP level 7. HP: 33/46 MP: 5/15
  5595 | D:5      | Noticed an ogre
  5653 | D:5      | Killed an ogre
  5653 | D:5      | Reached skill level 7 in Ice Magic
  5687 | D:5      | Noticed an ogre
  5698 | D:5      | Killed an ogre
  5704 | D:5      | Learned a level 4 spell: Throw Icicle
  5806 | D:5      | Found a shattered altar of Ashenzari.
  5840 | D:5      | Noticed an ogre
  5850 | D:5      | Noticed a centaur
  5853 | D:5      | Killed an ogre
  5853 | D:5      | Reached skill level 5 in Polearms
  5857 | D:5      | Killed a centaur
  5857 | D:5      | Reached XP level 8. HP: 38/52 MP: 9/18
  5947 | D:5      | Found Guagg's Antique Weapon Emporium.
  6042 | D:6      | Reached skill level 8 in Ice Magic
  6763 | D:6      | Reached skill level 5 in Spellcasting
  6807 | D:6      | Reached skill level 9 in Ice Magic
  6964 | D:6      | Found a blossoming altar of Fedhas.
  7314 | D:6      | Noticed Blork the orc
  7331 | D:6      | Killed Blork the orc
  7331 | D:6      | Reached XP level 9. HP: 49/57 MP: 10/21
  7401 | D:6      | Identified the cursed +1 leather armour of the New World {+Blink Int+3}
  8080 | D:7      | Found a burning altar of Makhleb.
  8081 | D:7      | Noticed a cacodemon
  8175 | D:7      | Reached skill level 10 in Ice Magic
  8267 | D:7      | Noticed Crazy Yiuf
  8271 | D:7      | Killed Crazy Yiuf
  8403 | D:8      | Fizybubbleh: yermak
  8403 | D:8      | Fizybubbleh: was just talking about u
  8403 | D:8      | Fizybubbleh: :D
  8403 | D:8      | Fizybubbleh: hows u?
  8403 | D:8      | Yermak: won
  8403 | D:8      | Fizybubbleh: gz!
  8403 | D:8      | Fizybubbleh: i need to off
  8403 | D:8      | Fizybubbleh: go off
  8403 | D:8      | Fizybubbleh: see u guys later
  8403 | D:8      | Fizybubbleh: !
  8403 | D:8      | Fizybubbleh: (hugs)
  8403 | D:8      | Upgraded the game from 0.15-a0-885-g3d1b40c to 0.15-a0-895-g19c7863
  8446 | D:8      | Noticed Eustachio
  8458 | D:8      | Killed Eustachio
  8467 | D:8      | Learned a level 1 spell: Summon Butterflies
  8469 | D:8      | Learned a level 1 spell: Apportation
  8474 | D:8      | Learned a level 4 spell: Condensation Shield
  8479 | D:8      | Learned a level 4 spell: Summon Ice Beast
  8569 | D:8      | Found a staircase to the Lair.
  9045 | D:8      | Reached skill level 1 in Conjurations
  9256 | D:8      | Acquired Ashenzari's first power
 10016 | Lair:1   | Entered Level 1 of the Lair of Beasts
 10016 | Lair:1   | Noticed a komodo dragon
 10028 | Lair:1   | Killed a komodo dragon
 10028 | Lair:1   | Reached skill level 1 in Fighting
 10028 | Lair:1   | Reached skill level 10 in Polearms
 10028 | Lair:1   | Reached XP level 10. HP: 35/66 MP: 6/24
 10104 | Lair:1   | Identified a scroll of acquirement
 10271 | Lair:1   | Reached skill level 11 in Ice Magic
 10711 | Lair:1   | Noticed a black mamba
 10721 | Lair:1   | Killed a black mamba
 11609 | Lair:2   | Reached skill level 12 in Polearms
 11794 | Lair:2   | Reached XP level 11. HP: 45/78 MP: 17/26
 12216 | Lair:2   | Reached skill level 5 in Fighting
 12470 | Lair:2   | Acquired Ashenzari's second power
 12906 | Lair:3   | Reached skill level 13 in Polearms
 12914 | Lair:3   | Found a labyrinth entrance.
 12928 | Lab      | Entered a labyrinth
 13491 | Lab      | Noticed a minotaur
 13504 | Lab      | Killed a minotaur
 13504 | Lab      | Identified the cursed +0 robe of the Will of the Gods {Stlth+} (You took it off a minotaur in a labyrinth)
 13525 | Lab      | Identified the Guide on Supportive Ignition
 13537 | Lab      | Learned a level 2 spell: Blink
 13544 | Lab      | Identified the cursed +0 scale mail of Life {Int+1 Acc-4} (You found it in a labyrinth)
 13546 | Lab      | Identified the +7 blowgun of the Pits of Slime {speed, Dex+4} (You found it in a labyrinth)
 14135 | Lair:3   | Reached skill level 5 in Dodging
 14410 | Lair:3   | Found a staircase to the Snake Pit.
 14847 | Lair:3   | Reached skill level 14 in Polearms
 15493 | Lair:4   | Found an ancient bone altar of Kikubaaqudgha.
 15631 | Lair:4   | Reached XP level 12. HP: 76/89 MP: 21/28
 16162 | Lair:5   | Acquired Ashenzari's third power
 16358 | Lair:5   | Learned a level 6 spell: Haste
 16371 | Lair:5   | Reached skill level 1 in Charms
 17341 | Lair:6   | Noticed a five-headed hydra
 17346 | Lair:6   | Killed a five-headed hydra
 17346 | Lair:6   | Reached skill level 5 in Charms
 17634 | Lair:6   | Reached skill level 15 in Polearms
 17959 | Lair:6   | Acquired Ashenzari's fourth power
 18088 | Lair:6   | Found a staircase to the Swamp.
 18350 | Lair:7   | Noticed a four-headed hydra
 18354 | Lair:7   | Reached skill level 16 in Polearms
 18364 | Lair:7   | Killed a four-headed hydra
 18643 | Lair:7   | Noticed a six-headed hydra
 18654 | Lair:7   | Killed a six-headed hydra
 18674 | Lair:7   | Reached XP level 13. HP: 94/96 MP: 9/29
 18900 | Lair:7   | Found a viscous altar of Jiyva.
 18903 | Lair:7   | Found a staircase to the Slime Pits.
 19383 | Lair:8   | Entered Level 8 of the Lair of Beasts
 19769 | Lair:8   | Reached skill level 10 in Charms
 20230 | Lair:8   | Reached skill level 17 in Polearms
 20625 | Lair:8   | Identified the cursed +1,-1 falchion of Dissent {slice, rF++}
 21331 | Lair:8   | Reached skill level 1 in Evocations
 21913 | D:8      | Learned a level 2 spell: Repel Missiles
 21941 | D:9      | Noticed an iron golem
 21941 | D:9      | Noticed an iron golem
 21941 | D:9      | Noticed an iron golem
 21941 | D:9      | Noticed an iron golem
 22724 | D:10     | Entered Level 10 of the Dungeon
 22792 | D:10     | Reached XP level 14. HP: 106/106 MP: 21/30
 23086 | D:10     | Identified the +4,+4 war axe "Hebishra" {chop, +Inv rPois}
 23088 | D:10     | Noticed a tengu reaver
 23101 | D:10     | Killed a tengu reaver
 23520 | D:11     | Found a frozen archway.
 23559 | IceCv    | Entered an ice cave
 24366 | IceCv    | Noticed a frost giant
 24508 | IceCv    | Killed a frost giant
 24508 | IceCv    | Reached skill level 10 in Dodging
 24867 | D:11     | Found a sparkling altar of Nemelex Xobeh.
 25233 | D:11     | Found Shes' General Store.
 25253 | D:11     | Noticed Maurice
 25258 | D:11     | Killed Maurice
 25679 | D:12     | Found a staircase to the Orcish Mines.
 25774 | Orc:1    | Entered Level 1 of the Orcish Mines
 25832 | Orc:1    | Found Hodiz's Antique Weapon Shoppe.
 25859 | Orc:1    | Found a flagged portal.
 25883 | Bailey   | Entered a bailey
 26167 | Orc:1    | Found Wouqoum's Distillery.
 26197 | Orc:1    | Bought a potion of beneficial mutation for 420 gold pieces
 26198 | Orc:1    | Gained mutation: You have a pair of small horns on your head. [potion of beneficial mutation]
 26231 | Orc:1    | Found Xuojuur's Antique Armour Boutique.
 26966 | Orc:2    | Found a burning altar of Makhleb.
 27096 | Orc:2    | Found a shimmering altar of Xom.
 27151 | Orc:1    | Gained mutation: Your mind is acute. (Int +2) [potion of beneficial mutation]
 27152 | Orc:1    | Gained mutation: Your muscles are strong. (Str +2) [potion of beneficial mutation]
 27344 | Orc:2    | Reached skill level 10 in Fighting
 27399 | Orc:2    | Found a roughly hewn altar of Beogh.
 27453 | Orc:3    | Found Vynusecywi's Distillery.
 27467 | Orc:3    | Found a staircase to the Elven Halls.
 28152 | Orc:4    | Entered Level 4 of the Orcish Mines
 28397 | Orc:4    | Found a bloodstained altar of Trog.
 28469 | Orc:4    | Reached XP level 15. HP: 105/115 MP: 32/32
 29782 | Orc:4    | Found Kief's Armour Shop.
 29783 | Orc:4    | Found Fuum's Magic Scroll Shop.
 29783 | Orc:4    | Found Ixoi's General Store.
 29791 | Orc:4    | Found Kla Mani's Gadget Boutique.
 29960 | Orc:4    | Bought a fan of gales for 480 gold pieces
 29960 | Orc:4    | Bought a sack of spiders for 240 gold pieces
 29960 | Orc:4    | Bought a phial of floods for 480 gold pieces
 29960 | Orc:4    | Bought a fan of gales for 480 gold pieces
 29960 | Orc:4    | Bought a fan of gales for 480 gold pieces
 30782 | D:12     | Reached skill level 5 in Evocations
 31198 | D:13     | Found Kiopruiq's Antique Armour Emporium.
 31208 | D:13     | Noticed Grum
 31230 | D:13     | Killed Grum
 31235 | D:13     | Bought a pair of twisted gloves for 190 gold pieces
 31235 | D:13     | Identified the cursed +0 pair of gloves of Zin's Generosity {Str-2 Acc+2} (You bought it in a shop on level 13 of the Dungeon)
 31655 | D:13     | Found a white marble altar of Elyvilon.
 31868 | D:13     | Noticed Erica
 31884 | D:13     | Killed Erica
 31907 | D:13     | Reached skill level 10 in Spellcasting
 32046 | D:13     | Learned a level 6 spell: Freezing Cloud
 32059 | D:13     | Found a gate to the Vaults.
 32308 | Orc:4    | Bought a scroll of remove curse for 39 gold pieces
 32963 | Swamp:1  | Entered Level 1 of the Swamp
 33706 | Swamp:2  | Noticed Rupert
 33723 | Swamp:2  | Paralysed by Rupert for 2 turns
 33746 | Swamp:2  | Killed Rupert
 33746 | Swamp:2  | Reached XP level 16. HP: 100/124 MP: 2/33
 33884 | Swamp:2  | Noticed Kirke
 33890 | Swamp:2  | Noticed a sphinx
 34419 | Elf:1    | Entered Level 1 of the Elven Halls
 34456 | Elf:1    | Found a portal to a secret trove of treasure.
 34864 | Elf:1    | Reached skill level 15 in Ice Magic
 36097 | Elf:2    | Found Vuminif's Assorted Antiques.
 36102 | Elf:2    | Bought a hardcover book for 495 gold pieces
 36510 | Elf:3    | Entered Level 3 of the Elven Halls
 37510 | Elf:3    | Noticed a deep elf blademaster
 37524 | Elf:3    | Killed a deep elf blademaster
 37706 | Elf:3    | Identified the +5,+7 quarterstaff of the Endless March {vamp, MR++} (You took it off a deep elf demonologist on level 3 of the Elven Halls)
 38090 | Elf:3    | Fizybubbleh: hey yermak
 38090 | Elf:3    | kacy: What do the different faces mean?
 38090 | Elf:3    | Fizybubbleh: i wanna run
 38090 | Elf:3    | Yermak: hey
 38090 | Elf:3    | Fizybubbleh: from elf
 38090 | Elf:3    | kacy: You appear to be a mage, not a brawler
 38090 | Elf:3    | Fizybubbleh: I dont think i can take blade masters
 38090 | Elf:3    | Yermak: I don't like your EV
 38090 | Elf:3    | kacy: So backing up might now be bad
 38090 | Elf:3    | Fizybubbleh: why?
 38090 | Elf:3    | Fizybubbleh: I didnt do any rune yet
 38090 | Elf:3    | Yermak: because it's low?
 38090 | Elf:3    | kacy: If they spot you you may be in...
 38090 | Elf:3    | kacy: whaaaa
 38203 | Elf:3    | kacy: You need to do the Lair stuff first right?
 38204 | Elf:3    | kacy: Before elf?
 38204 | Elf:3    | Fizybubbleh: i have mr+++
 38224 | Elf:3    | Noticed a deep elf master archer
 38224 | Elf:3    | Yermak: What are your spells?
 38230 | Elf:3    | Killed a deep elf master archer
 38231 | Elf:3    | Yermak: no Freezing Cloud?
 38232 | Elf:3    | Fizybubbleh: 21%
 38325 | Elf:3    | Identified the +1,+12 long sword of the Grave {slice, +Rage rElec Str+3 Int+2} (You took it off a deep elf annihilator on level 3 of the Elven Halls)
 38326 | Elf:3    | Yermak: Regeneration would certainly have helped here
 38379 | Elf:3    | Fizybubbleh: i didnt find it
 38443 | Elf:3    | Fizybubbleh: but like
 38443 | Elf:3    | Fizybubbleh: isnt 17 dodge
 38443 | Elf:3    | Fizybubbleh: pretty good?
 38443 | Elf:3    | Fizybubbleh: for XL 17
 38453 | Elf:3    | Yermak: Yes it is pretty good for IE
 38517 | Elf:3    | Reached XP level 17. HP: 133/133 MP: 34/34
 38519 | Elf:3    | Fizybubbleh: when do i move forward
 38519 | Elf:3    | Fizybubbleh: or how do i pull rest of them
 38527 | Elf:3    | kacy: hmm
 38527 | Elf:3    | kacy: The walls here require disintegration, right?
 38527 | Elf:3    | Fizybubbleh: ii am tempted to scry with ashenzari
 38527 | Elf:3    | Fizybubbleh: to see whats left
 38527 | Elf:3    | kacy: Wait, what's that to your south
 38527 | Elf:3    | kacy: Go make that die
 38527 | Elf:3    | Yermak: I wouldn't recommend fighting elves like that
 38527 | Elf:3    | Fizybubbleh: the way im doing?
 38527 | Elf:3    | Fizybubbleh: i thought that was ebst way
 38527 | Elf:3    | kacy: ehhh
 38536 | Elf:3    | kacy: I never said /how/ to make it die, just to make it die
 38536 | Elf:3    | kacy: your method seems pretty solid
 38536 | Elf:3    | Yermak: If you had FCloud castable it would change the situation
 38536 | Elf:3    | Fizybubbleh: but like
 38536 | Elf:3    | Yermak: yes, this method is solid for good fighters
 38536 | Elf:3    | kacy: If you have disintegration to spare I'd suggest digging your little murderhole up to them
 38536 | Elf:3    | Fizybubbleh: u want me to come later?
 38536 | Elf:3    | Yermak: you're not using your Ice magic
 38536 | Elf:3    | Fizybubbleh: i am! freeze and condensation shield
 38536 | Elf:3    | Yermak: you basically here with only poor Fighters skills for this level
 38536 | Elf:3    | Fizybubbleh: i mean ozo+ condensationshield + haste+ throw icicle
 38536 | Elf:3    | Fizybubbleh: isnt that enough?
 38536 | Elf:3    | Yermak: Haste
 38536 | Elf:3    | Fizybubbleh: my glaive kills them pretty easily
 38536 | Elf:3    | Yermak: didn't notice that
 38557 | Elf:3    | kacy: is that a ring?
 38557 | Elf:3    | Yermak: ok then
 38560 | Elf:3    | kacy: there's a = there
 38560 | Elf:3    | Yermak: with Haste it doesn't look that scary
 38560 | Elf:3    | Fizybubbleh: i dont know how to aggro the rest
 38560 | Elf:3    | Fizybubbleh: which is problem
 38560 | Elf:3    | kacy: hmmm
 38563 | Elf:3    | kacy: Got any summons?
 38567 | Elf:3    | Yermak: Have you used up noise scrolls?
 38568 | Elf:3    | Fizybubbleh: theres more
 38568 | Elf:3    | Fizybubbleh: in elf 2
 38616 | Elf:3    | Identified the +6,+5 quarterstaff of Thoa {drain, +Rage +Fly rF++}
 38697 | Elf:3    | Noticed a deep elf blademaster
 38700 | Elf:3    | Yermak: Haste
 38701 | Elf:3    | Yermak: ok
 38708 | Elf:3    | Yermak: hmm, phial are great for Mf
 38709 | Elf:3    | Killed a deep elf blademaster
 38709 | Elf:3    | Yermak: phials*
 38726 | Elf:3    | Fizybubbleh: is that a bad demon
 38726 | Elf:3    | Fizybubbleh: or blade master
 38728 | Elf:3    | kacy: Uhhh
 38730 | Elf:3    | kacy: Biting?
 38731 | Elf:3    | kacy: Probably
 38732 | Elf:3    | kacy: yeah
 38732 | Elf:3    | kacy: a demon
 38741 | Elf:3    | Noticed a deep elf master archer
 38749 | Elf:3    | Killed a deep elf master archer
 38762 | Elf:3    | Yermak: I was wrong, I underestimated your character
 38785 | Elf:3    | kacy: nice
 38788 | Elf:3    | Fizybubbleh: can i understand
 38788 | Elf:3    | Fizybubbleh: why u underestiamted it
 38788 | Elf:3    | kacy: I'm the kind of dumbass that would have brute-forced my way through
 38788 | Elf:3    | Fizybubbleh: and how it was wrong
 38798 | Elf:3    | Fizybubbleh: dont do elf
 38798 | Elf:3    | Fizybubbleh: without the mr
 38818 | Elf:3    | kacy: I had uhhh
 38824 | Elf:3    | kacy: MR++++
 38830 | Elf:3    | kacy: But still got banished like
 38833 | Elf:3    | kacy: Four times
 38843 | Elf:3    | Yermak: I still have not that much experience with non-spriggan races
 38843 | Elf:3    | Fizybubbleh: my inventory
 38843 | Elf:3    | Fizybubbleh: space is horrible
 38843 | Elf:3    | Fizybubbleh: i want those evokes
 38843 | Elf:3    | Fizybubbleh: but i dont have room
 38865 | Elf:3    | Yermak: Why do you need summ staff?
 38870 | Elf:3    | Fizybubbleh: not that
 38870 | Elf:3    | Fizybubbleh: O,P,R,S
 38870 | Elf:3    | Yermak: oh, I thought it was in your inventory
 38870 | Elf:3    | kacy: drop uhhh
 38870 | Elf:3    | Yermak: Which one do you want?
 38870 | Elf:3    | kacy: What's in your inventory
 38870 | Elf:3    | kacy: aha
 38870 | Elf:3    | kacy: Drop some of your bread
 38870 | Elf:3    | Fizybubbleh: i didnt notice i had that necklace
 38870 | Elf:3    | Fizybubbleh: actually
 38870 | Elf:3    | Yermak: Again, why do need those sultanas?
 38870 | Elf:3    | Fizybubbleh: when did i get that
 38870 | Elf:3    | kacy: also that
 38871 | Elf:3    | kacy: eat some of your fodo
 38873 | Elf:3    | Fizybubbleh: only lantern is bad here
 38873 | Elf:3    | Fizybubbleh: right?
 38873 | Elf:3    | kacy: frees up slots, aum and makes you less worried about running out casting
 38873 | Elf:3    | Fizybubbleh: from those evokes
 38873 | Elf:3    | Yermak: I use box of sack only in Tomb to eat curses for Me.
 38873 | Elf:3    | Yermak: box and sack*
 38873 | Elf:3    | Yermak: I don't like stone of tremors because:
 38873 | Elf:3    | Fizybubbleh: it destroys corridors
 38873 | Elf:3    | Fizybubbleh: how about cards?
 38873 | Elf:3    | Fizybubbleh: with high evokation
 38873 | Elf:3    | Yermak: 1) you have to use before any of your other evocables not to aggro elementals
 38891 | Elf:3    | Yermak: 2) it is only usable with rock walls
 38900 | Elf:3    | Identified the +7,+7 falchion of Fate {flame, rN+} (You took it off a deep elf annihilator on level 3 of the Elven Halls)
 38924 | Elf:3    | Identified the +9,+5 cutlass of Fenlac {venom, Str+1} (You took it off a deep elf death mage on level 3 of the Elven Halls)
 38951 | Elf:3    | Yermak: the fact that it destroys corridors is actually good, because it can create a god hiding spot
 38958 | Elf:3    | Yermak: good*
 39014 | Elf:3    | Fizybubbleh: how do i do this part
 39014 | Elf:3    | Fizybubbleh: hmm
 39014 | Elf:3    | Fizybubbleh: ya
 39014 | Elf:3    | Yermak: I don't use low level decks as they are now.
 39014 | Elf:3    | Fizybubbleh: stone made okawaru kill me once
 39014 | Elf:3    | Fizybubbleh: :(
 39021 | Elf:3    | Yermak: you quaff brilliance and cast freezing cloud
 39021 | Elf:3    | Fizybubbleh: thats a dangerous room
 39047 | Elf:3    | Yermak: buff yourself
 39054 | Elf:3    | Yermak: and that's not how you use it
 39065 | Elf:3    | Yermak: you cover all space between you and enemy with clouds
 39065 | Elf:3    | Fizybubbleh: oh?
 39065 | Elf:3    | Fizybubbleh: i didnt know that
 39065 | Elf:3    | Fizybubbleh: so i just spam it?
 39065 | Elf:3    | Yermak: that's not one knows
 39065 | Elf:3    | Fizybubbleh: but the hunger cost
 39095 | Elf:3    | Identified the cursed -3 scale mail "Kooqeism" {Str+3 Dex+2}
 39097 | Elf:3    | Yermak: that is what one comes to with experience and some brains
 39104 | Elf:3    | Reached skill level 15 in Dodging
 39110 | Elf:3    | Yermak: What are your skill focusing right now?
 39110 | Elf:3    | Yermak: You need to focus on making FCloud castable
 39110 | Elf:3    | Fizybubbleh: dodging and ice magic
 39110 | Elf:3    | Fizybubbleh: u siad u didnt like my dodge
 39110 | Elf:3    | Yermak: off both
 39110 | Elf:3    | Yermak: Air and conj
 39158 | Elf:3    | Identified the +2 ring mail of the Lily {Int+4 Dam+3}
 39173 | Elf:3    | Identified the Papyrus of the Freezing Mountains
 39181 | Elf:3    | Yermak: you'll get it castable after a dozen of good monsters
 39217 | Elf:3    | Fizybubbleh: i dont know if i can invest into summons
 39217 | Elf:3    | Fizybubbleh: but song of slaying+regenration looks rly good
 39217 | Elf:3    | Yermak: You have good offense potential already
 39217 | Elf:3    | Yermak: Why would you need summons?
 39218 | Elf:3    | Fizybubbleh: im thinking for later
 39218 | Elf:3    | Fizybubbleh: zot etc
 39218 | Elf:3    | Fizybubbleh: and oofs
 39218 | Elf:3    | Fizybubbleh: song of slaying wont be bad imo
 39218 | Elf:3    | Fizybubbleh: neither would regenration
 39221 | Elf:3    | Learned a level 2 spell: Song of Slaying
 39224 | Elf:3    | Fizybubbleh: stupid weight problems
 39224 | Elf:3    | Fizybubbleh: ./sigh
 39224 | Elf:3    | Fizybubbleh: idk what i can lose
 39224 | Elf:3    | Yermak: May be I'm wrong but going for summons exclusively for late game seems to be bad
 39224 | Elf:3    | Fizybubbleh: nah i wont go summons
 39224 | Elf:3    | Yermak: You have 9 agility, 11 curing
 39224 | Elf:3    | Fizybubbleh: unless shadow creatures
 39224 | Elf:3    | Yermak: leave some of them in your stash
 39224 | Elf:3    | Fizybubbleh: I dont have a stash
 39224 | Elf:3    | Fizybubbleh: i just throw them around
 39224 | Elf:3    | Fizybubbleh: xD
 39225 | Elf:3    | Yermak: well, then throw them
 39226 | Elf:3    | Yermak: not all, some of them
 39230 | Elf:3    | Yermak: ok
 39257 | Elf:3    | Fizybubbleh: I dont think i need anything else
 39257 | Elf:3    | Fizybubbleh: I dont like the loot
 39257 | Elf:3    | Yermak: about hunger cost: you don't afraid of it, because after massive battle you'll have plenty of corpses
 39257 | Elf:3    | Fizybubbleh: the quarter staff looks cool
 39257 | Elf:3    | Fizybubbleh: but i dont think its better then my glaive
 39257 | Elf:3    | Yermak: Forget about other types
 39257 | Elf:3    | Yermak: You're using Polearms
 39257 | Elf:3    | Yermak: especially when you're at 19 level with them alreasdy
 39257 | Elf:3    | Fizybubbleh: do i do swamp ?
 39772 | Swamp:2  | Yermak: Do you want to go Glaciate?
 39779 | Swamp:2  | Fizybubbleh: whats that?
 39800 | Swamp:2  | Reached skill level 5 in Conjurations
 39800 | Swamp:2  | Yermak: 9 lvl ice/Conj spell
 39823 | Swamp:2  | Yermak: I guess it's no
 39826 | Swamp:2  | Fizybubbleh: is it good?
 39849 | Swamp:2  | Yermak: it's fun
 39861 | Swamp:2  | Reached skill level 1 in Air Magic
 39967 | Swamp:2  | Noticed Nessos
 39968 | Swamp:2  | Yermak: it's not liek you need it to win
 39972 | Swamp:2  | Killed Nessos
 40079 | Swamp:2  | Identified the ring of Syitezeuk {Str-2 Dex+3 Int-4 SInv}
 40128 | Swamp:2  | Yermak: about spells: you may like Ozocubu's refrigeration
 40134 | Swamp:2  | Killed Kirke
 40135 | Swamp:2  | Yermak: or Metabolic englaciation
 40135 | Swamp:2  | Fizybubbleh: was i right
 40135 | Swamp:2  | Fizybubbleh: to think sphinxes couldnt destory me
 40135 | Swamp:2  | Fizybubbleh: with mr+++
 40135 | Swamp:2  | Fizybubbleh: and water
 40225 | Swamp:2  | Yermak: Water?
 40225 | Swamp:2  | Fizybubbleh: mf in water get bonus ev
 40228 | Swamp:2  | Fizybubbleh: 6 bonus ev
 40228 | Swamp:2  | Yermak: Well, first I thought you said "sphinxes couldnt destory me with mr+++ and water"
 40228 | Swamp:2  | Fizybubbleh: ya
 40228 | Swamp:2  | Fizybubbleh: am i rgiht?
 40361 | Swamp:3  | Yermak: yes, you were right getting extra MR
 40396 | Swamp:3  | Yermak: Going into water if it is easily accessable should be nobrain
 40396 | Swamp:3  | Fizybubbleh: that hat
 40396 | Swamp:3  | Fizybubbleh: is perfect
 40396 | Swamp:3  | Fizybubbleh: i need to eat thou
 40396 | Swamp:3  | Fizybubbleh: do u mind?
 40396 | Swamp:3  | Yermak: hey, it's not my game
 40911 | D:12     | Yermak: Search for Ozo and Metabolic
 41323 | Swamp:1  | Fizybubbleh: i didnt find book of ice
 41339 | Swamp:1  | Yermak: ok, just have that in mind
 41657 | Swamp:3  | Yermak: In the end you should use some combination of FCloud/Refrigeration/M.Englaciate as your offense
 41665 | Swamp:3  | Yermak: in addition to your weapon
 41699 | Swamp:3  | Yermak: Check your success?
 41849 | Swamp:3  | Noticed Frances
 41867 | Swamp:3  | Killed Frances
 41960 | Swamp:3  | Identified the cursed +8,+4 flail of the Gloaming {freeze, Contam MR+ Int+3 SInv}
 42760 | Swamp:4  | Reached skill level 10 in Evocations
 43257 | Swamp:5  | Entered Level 5 of the Swamp
 43451 | Swamp:5  | Reached XP level 18. HP: 141/141 MP: 35/35
 44019 | Swamp:5  | Noticed the 27-headed Lernaean hydra
 44656 | Swamp:5  | Killed the 27-headed Lernaean hydra
 44728 | Swamp:5  | Got a decaying rune of Zot
 45218 | Snake:1  | Entered Level 1 of the Snake Pit
 45451 | Snake:1  | Identified the ring "Prucaun" {rF+ Int-2 Stlth+}
 47047 | Snake:2  | Noticed Nikola
 47073 | Snake:2  | Killed Nikola
 47073 | Snake:2  | Identified a +0 cloak of preservation (You took it off Nikola on level 2 of the Snake Pit)
 47243 | Snake:2  | Vidiiot: hm?
 47268 | Snake:2  | Fizybubbleh: can u check my chara
 47268 | Snake:2  | Fizybubbleh: improvements
 47268 | Snake:2  | Fizybubbleh: doing anything wrong
 47268 | Snake:2  | Fizybubbleh: something i should do
 47292 | Snake:2  | Noticed Vashnia
 47319 | Snake:2  | Vidiiot: Honestly
 47320 | Snake:2  | Killed Vashnia
 47320 | Snake:2  | Vidiiot: You're fine=p
 47321 | Snake:2  | Vidiiot: Your ac/ev/sh is very good.
 47321 | Snake:2  | Fizybubbleh: did i play this right
 47321 | Snake:2  | Fizybubbleh: cause that ass hole
 47321 | Snake:2  | Fizybubbleh: killed me last time
 47328 | Snake:2  | Vidiiot: which asshole
 47335 | Snake:2  | Fizybubbleh: the one im fighting right now
 47580 | Snake:2  | Vidiiot: I'd maybe get more HP
 47580 | Snake:2  | Vidiiot: I dont know
 47580 | Snake:2  | Vidiiot: You need resists, really
 47580 | Snake:2  | Vidiiot: But thats just rng
 47659 | Snake:2  | Noticed Roxanne
 48057 | Snake:3  | Identified the cursed -4 robe of Agnosticism {Acc+4}
 49207 | Snake:3  | Reached XP level 19. HP: 127/154 MP: 35/35
 49666 | Snake:4  | Reached skill level 15 in Fighting
 50803 | Snake:5  | Entered Level 5 of the Snake Pit
 51981 | Snake:5  | Got a serpentine rune of Zot
 52906 | Vaults:1 | Entered Level 1 of the Vaults
 52910 | Vaults:1 | Found a deep blue altar of Sif Muna.
 53454 | Vaults:1 | Reached XP level 20. HP: 127/168 MP: 36/37
 53761 | Vaults:1 | Learned a level 3 spell: Regeneration
 53765 | Vaults:1 | Learned a level 3 spell: Spectral Weapon
 53802 | Vaults:1 | Identified the +5,+5 glaive of Cowardice {pain, +Inv rPois rN+ Dex-2 Stlth++}
 53914 | Vaults:1 | Identified the ring "Shoevir" {rF+ rN+ MR+ Str+2}
 54126 | Vaults:1 | Reached skill level 18 in Fighting
 54935 | Vaults:2 | Identified the cursed +2 cloak of the Hart {Str-3 Dex+1} (You acquired it on level 2 of the Vaults)
 55209 | Vaults:2 | Identified the +8,+6 hand axe "Jeashro" {holy, MR+ Dex+2}
 55239 | Vaults:2 | Reached skill level 19 in Fighting
 55517 | Vaults:2 | Noticed Mennas
 55538 | Vaults:2 | Killed Mennas
 55575 | Vaults:2 | Gained mutation: Your flesh is cold resistant. [mutagenic glow]
 56006 | Vaults:2 | Noticed Norris
 56033 | Vaults:2 | Killed Norris
 56250 | Vaults:2 | Identified the cursed +2,+3 crossbow "Clyilav" {flame, rN+}
 56250 | Vaults:2 | Identified the cursed +1,-2 crossbow of Twisaos {velocity, -Tele rC+ Str-3 SInv Stlth+}
 56544 | Vaults:2 | Reached skill level 20 in Fighting
 57049 | Vaults:3 | Noticed Jorgrun
 57073 | Vaults:3 | Killed Jorgrun
 57520 | Vaults:3 | Found a staircase to the Crypt.
 57805 | Vaults:3 | Reached XP level 21. HP: 183/183 MP: 38/38
 58067 | Vaults:3 | Found a staircase to the Hall of Blades.
 58273 | Vaults:3 | Paralysed by a red wasp for 4 turns
 59491 | Vaults:4 | Found Joim Oga's Antique Armour Boutique.
 59503 | Vaults:4 | Bought an ichor-stained leather armour for 252 gold pieces
 59503 | Vaults:4 | Identified the +4 leather armour "Stoel" {Str-3 Int+3} (You bought it in a shop on level 4 of the Vaults)
 59713 | Vaults:4 | Reached skill level 21 in Fighting
 60334 | Vaults:5 | Entered Level 5 of the Vaults
 60883 | D:14     | Identified the cursed -5 plate armour of the Forsaken Ships {Str+3 SInv}
 61383 | D:15     | Entered Level 15 of the Dungeon
 61433 | D:15     | Found Xaeskain's Armour Emporium.
 61435 | D:15     | Noticed Maud
 61456 | D:15     | Killed Maud
 61608 | D:15     | Found a staircase to the Depths.
 61616 | Depths:1 | Entered Level 1 of the Depths
 61764 | Depths:1 | Reached XP level 22. HP: 175/194 MP: 38/38
 61892 | Depths:1 | Reached skill level 5 in Stealth
 61913 | Depths:1 | Found a one-way gate leading to the halls of Pandemonium.
 62078 | Depths:1 | Identified the ring of the Barracuda {+Inv Int-1} (You took it off a yaktaur on level 1 of the Depths)
 62290 | Depths:1 | Found Jietip's Antique Armour Boutique.
 62319 | Depths:1 | Vidiiot: What armour have you got on
 62319 | Depths:1 | Vidiiot: Uh
 62319 | Depths:1 | Vidiiot: Why
 62319 | Depths:1 | Fizybubbleh: no steam dragon armour
 62319 | Depths:1 | Fizybubbleh: il lose ozo
 62320 | Depths:1 | Fizybubbleh: which is like 10 ac
 62320 | Depths:1 | Fizybubbleh: and keeps my ev at 29
 62338 | Depths:1 | Vidiiot: oh rofl
 62338 | Depths:1 | Vidiiot: ye
 62341 | Depths:1 | Vidiiot: ah
 62342 | Depths:1 | Vidiiot: my bad
 62671 | Depths:1 | Noticed Aizul
 62689 | Depths:1 | Killed Aizul
 62709 | Depths:1 | Found a one-way gate to the infinite horrors of the Abyss.
 62748 | Depths:1 | Found a gateway to Hell.
 63239 | Depths:2 | Reached skill level 22 in Fighting
 63246 | Depths:2 | Fizybubbleh: I rly am unsure what to level thou
 64260 | Depths:3 | Identified the cursed +4,+9 scimitar of Watchfulness {slice, Str+2}
 65683 | Orc:1    | Bought a demon trident for 390 gold pieces
 66427 | Depths:3 | Vidiiot: Ha
 66432 | Depths:3 | Vidiiot: good luck mate
 66435 | Depths:3 | Fizybubbleh: should
 66435 | Depths:3 | Fizybubbleh: i nod o this?
 66437 | Depths:3 | Fizybubbleh: not*
 66438 | Depths:3 | Fizybubbleh: is that
 66438 | Depths:3 | Fizybubbleh: a
 66438 | Depths:3 | Fizybubbleh: ur about to die good luck?
 66490 | Depths:3 | Reached XP level 23. HP: 181/205 MP: 20/39
 67034 | Depths:3 | Identified the ring "Hecet" {+Fly rF+ Int+2}
 67036 | Depths:3 | Identified the Grimoire of Clay (You found it on level 3 of the Depths)
 67503 | Depths:3 | Reached skill level 23 in Fighting
 67548 | Depths:4 | Found Bothaz's Antique Armour Boutique.
 67560 | Depths:4 | Found Dylol's Magic Scroll Boutique.
 67569 | Depths:4 | Found a corrupted altar of Lugonu.
 67575 | Depths:4 | Found Feretz's Antique Weapon Shoppe.
 67862 | Depths:4 | Found Saubbim's Distillery.
 68087 | Depths:4 | Upgraded the game from 0.15-a0-895-g19c7863 to 0.15-a0-910-gf78ccf3
 69129 | Depths:5 | Entered Level 5 of the Depths
 69869 | Depths:5 | Found a gateway to a ziggurat.
 70307 | Depths:5 | Reached XP level 24. HP: 201/216 MP: 29/39
 70406 | Depths:5 | Reached skill level 24 in Fighting
 70640 | Depths:5 | Found a gate to the Realm of Zot.
 70925 | Depths:5 | Ankalagon: you should make a dragon armor
 70925 | Depths:5 | Ankalagon: fire or mottled
 70925 | Depths:5 | Fizybubbleh: i cant find any steam dragon armour
 70925 | Depths:5 | Fizybubbleh: that wont break ozo
 70925 | Depths:5 | Ankalagon: eh
 70925 | Depths:5 | Ankalagon: hm
 70927 | Depths:5 | Ankalagon: anyway what else did you want
 70927 | Depths:5 | Fizybubbleh: general critique if im doing anything wrong
 70927 | Depths:5 | Fizybubbleh: spells, and can i do slime on this char safely
 70927 | Depths:5 | Fizybubbleh: thanks to my gear
 70927 | Depths:5 | Ankalagon: you're good to win probably
 70927 | Depths:5 | Fizybubbleh: I lost this combo
 70927 | Depths:5 | Fizybubbleh: 40 times
 70927 | Depths:5 | Fizybubbleh: I dont think i can anymore
 70927 | Depths:5 | Fizybubbleh: xD
 70927 | Depths:5 | Ankalagon: well as I said
 70927 | Depths:5 | Ankalagon: I'd upgrade that armor asap
 70927 | Depths:5 | Fizybubbleh: even if it means losing ozo?
 70927 | Depths:5 | Ankalagon: what kind of spells are you using
 70927 | Depths:5 | Ankalagon: yes
 70927 | Depths:5 | Fizybubbleh: 50 buffs
 70927 | Depths:5 | Ankalagon: do you have fire dragon hide and enchant scrolls
 70927 | Depths:5 | Fizybubbleh: those are hides i have
 70927 | Depths:5 | Ankalagon: do a search for enchant scrolls
 70927 | Depths:5 | Fizybubbleh: i have loads of scrolls
 70927 | Depths:5 | Fizybubbleh: or 2
 70927 | Depths:5 | Ankalagon: ehh
 70927 | Depths:5 | Ankalagon: I'd probably make fda anyway
 70927 | Depths:5 | tabstorm: Do you not have any dragon hides
 70927 | Depths:5 | Ankalagon: do a search for dragon armour
 70927 | Depths:5 | tabstorm: whats your resist situation
 70927 | Depths:5 | Ankalagon: maybe a whole one is sold
 70927 | Depths:5 | tabstorm: at this juncture
 70927 | Depths:5 | Ankalagon: yeah go buy that
 70927 | Depths:5 | Ankalagon: then get some rC
 70927 | Depths:5 | Ankalagon: and do vaults 5
 70927 | Depths:5 | tabstorm: looks good
 70927 | Depths:5 | Ankalagon: and then win
 70927 | Depths:5 | Fizybubbleh: but
 70927 | Depths:5 | Fizybubbleh: i dont think i can do v5 without dying
 70927 | Depths:5 | Ankalagon: how's that
 70927 | D:15     | tabstorm: This character can do it
 70986 | Depths:5 | Ankalagon: you have a vamp glaive
 70986 | Depths:5 | Fizybubbleh: i died last time i tried it
 70987 | Depths:5 | tabstorm: whether you execut well enough to do it is a nother matter
 71158 | D:15     | tabstorm: whats the ego on that leather
 71170 | D:15     | Ankalagon: with freezing cloud it'll be a breeze
 71170 | D:15     | tabstorm: hit i again
 71170 | D:15     | Fizybubbleh: I need to teleport
 71170 | D:15     | tabstorm: dont necessarily get FDA imo
 71170 | D:15     | Fizybubbleh: right when i go in correct?
 71170 | D:15     | tabstorm: mehhh
 71170 | D:15     | tabstorm: how many EA you got?
 71170 | D:15     | Ankalagon: do a search for armour&&arte
 71170 | D:15     | Fizybubbleh: 2
 71170 | D:15     | tabstorm: dang
 71170 | D:15     | tabstorm: well
 71170 | D:15     | tabstorm: the thing is
 71170 | D:15     | tabstorm: u wont get much AC from only +4 FDA
 71170 | D:15     | tabstorm: and you cant use ozos
 71170 | D:15     | tabstorm: so you might really just be fine sticking with that leather or with TLA
 71170 | D:15     | Fizybubbleh: tla?
 71170 | D:15     | Ankalagon: oh troll
 71170 | D:15     | tabstorm: troll leather
 71170 | D:15     | tabstorm: ya
 71170 | D:15     | Ankalagon: yeah that's not bad
 71170 | D:15     | tabstorm: but itd only be +1
 71170 | D:15     | tabstorm: where did you put all your EA>.
 71170 | D:15     | tabstorm: or did you just get none
 71170 | D:15     | Ankalagon: or did you carry it and got it burned
 71170 | D:15     | Fizybubbleh: i used them on my cloak
 71170 | D:15     | Fizybubbleh: + hat
 71170 | D:15     | tabstorm: eh
 71170 | D:15     | tabstorm: ok
 71170 | D:15     | Fizybubbleh: ya i got more than 2
 71170 | D:15     | tabstorm: so i see actually 6 E
 71170 | D:15     | tabstorm: A
 71170 | D:15     | Fizybubbleh: dumb thing
 71170 | D:15     | tabstorm: well
 71170 | D:15     | tabstorm: the thing is with only 14 str
 71170 | D:15     | tabstorm: your EV will be a shit in FDA
 71170 | D:15     | tabstorm: spell success too will be poor
 71170 | D:15     | tabstorm: er
 71170 | D:15     | Fizybubbleh: then its not worth it prob
 71170 | D:15     | tabstorm: na i think TLA
 71170 | D:15     | tabstorm: youll have like 20 AC
 71170 | D:15     | tabstorm: with +4 tla
 71170 | D:15     | tabstorm: and can use ozo
 71170 | D:15     | tabstorm: to get to what.. 30?
 71170 | D:15     | tabstorm: not bad
 71340 | Depths:5 | Fizybubbleh: i need to lose that mr ring
 71340 | Depths:5 | Fizybubbleh: and get slaying
 71340 | Depths:5 | tabstorm: hmm
 71341 | Depths:5 | tabstorm: no remove curse?
 71341 | Depths:5 | tabstorm: or curse scrolls
 71341 | Depths:5 | tabstorm: only 1
 71341 | Depths:5 | tabstorm: well
 71341 | Depths:5 | tabstorm: .
 71341 | Depths:5 | Fizybubbleh: i got a lot
 71341 | Depths:5 | tabstorm: ok
 71341 | Depths:5 | tabstorm: Yeah, just ditch MR for slay
 71341 | Depths:5 | tabstorm: with +11 slaying you can rek
 72351 | Lair:5   | Fizybubbleh: thanks guys
 72351 | Lair:5   | Fizybubbleh: ur the best
 73033 | D:11     | Bought a scroll of enchant armour for 97 gold pieces
 73196 | Orc:4    | Bought a scroll of enchant armour for 112 gold pieces
 73629 | Vaults:5 | Identified a +6 rod of destruction (14/14)
 73718 | Vaults:5 | Noticed an ancient lich
 73730 | Vaults:5 | Killed an ancient lich
 73731 | Vaults:5 | tabstorm: Dont use song of slaying in vualt 5
 73738 | Vaults:5 | tabstorm: and cast your armour
 73754 | Vaults:5 | Got a silver rune of Zot
 73755 | Vaults:5 | Fizybubbleh: do i finish it
 73755 | Vaults:5 | Fizybubbleh: or leave
 73786 | Vaults:5 | tabstorm: finsih for items and XP
 73995 | Vaults:5 | Identified a +3 rod of shadows (9/9)
 74095 | Vaults:5 | Reached skill level 25 in Fighting
 74287 | Vaults:5 | Reached XP level 25. HP: 227/227 MP: 32/40
 74510 | Vaults:5 | Identified the ring "Yckyril" {Wiz rF+} (You took it off a vault guard on level 5 of the Vaults)
 74537 | Vaults:5 | Found Cheolame's Book Shoppe.
 76516 | Zot:1    | Entered Level 1 of the Realm of Zot
 76670 | Zot:3    | Fizybubbleh: abit laggy
 76703 | Zot:4    | Found a glowing golden altar of the Shining One.
 76720 | Zot:5    | Entered Level 5 of the Realm of Zot
 76721 | Zot:5    | Fizybubbleh: can i take them on?
 76721 | Zot:5    | Fizybubbleh: or take another stair case
 76761 | Zot:5    | Ankalagon: cobs aren't threatening
 76873 | Zot:5    | PleasingFungus: don't die -- sgrunt
 76950 | Zot:5    | Fizybubbleh: guys il restart the page its rlllly laggy
 76999 | Zot:5    | Lost mutation: Your mind is acute. (Int +2) [mutagenic glow]
 77322 | Zot:5    | Fizybubbleh: red face
 77322 | Zot:5    | Fizybubbleh: why is there a red face here?
 77327 | Zot:5    | Noticed an ancient lich
 77332 | Zot:5    | Noticed an orb of fire
 77332 | Zot:5    | Noticed an orb of fire
 77354 | Zot:5    | Killed an orb of fire
 77354 | Zot:5    | Reached skill level 26 in Fighting
 77363 | Zot:5    | Ankalagon: high hd monsters
 77366 | Zot:5    | Ankalagon: monster*
 77372 | Zot:5    | Noticed an orb of fire
 77372 | Zot:5    | PleasingFungus: orbs of fire or aliches
 77372 | Zot:5    | PleasingFungus: oh hey it's both!
 77374 | Zot:5    | Ankalagon: two for the price of one
 77377 | Zot:5    | Ankalagon: quaff might
 77377 | Zot:5    | PleasingFungus: yeah spectral weapon doesn't work so great against oofs
 77377 | Zot:5    | PleasingFungus: don't die
 77377 | Zot:5    | PleasingFungus: good time for agi imho
 77378 | Zot:5    | Ankalagon: why dont you have might
 77380 | Zot:5    | PleasingFungus: maybe an evocable?
 77380 | Zot:5    | Ankalagon: summoning also wouldn't be bad
 77380 | Zot:5    | PleasingFungus: spiders!!!
 77380 | Zot:5    | Gained mutation: Your vision is a little blurry. [an orb of fire]
 77390 | Zot:5    | Noticed an orb of fire
 77390 | Zot:5    | PleasingFungus: oh good another nastything inbound
 77399 | Zot:5    | Gained mutation: Your magical capacity is low (-10% MP). [an orb of fire]
 77400 | Zot:5    | Fizybubbleh: should i teleport out?
 77400 | Zot:5    | Ankalagon: no
 77400 | Zot:5    | PleasingFungus: do you have a wand
 77400 | Zot:5    | PleasingFungus: hahaha
 77404 | Zot:5    | Ankalagon: thx orb
 77407 | Zot:5    | PleasingFungus: evoke again?
 77407 | Zot:5    | PleasingFungus: oh shit hellion
 77407 | Zot:5    | Ankalagon: drop a cloud
 77407 | Zot:5    | Ankalagon: on the hellion
 77407 | Zot:5    | PleasingFungus: good idea
 77407 | Zot:5    | Ankalagon: oh
 77407 | Zot:5    | PleasingFungus: rip
 77407 | Zot:5    | Ankalagon: still sil
 77407 | Zot:5    | Ankalagon: evoke?
 77407 | Zot:5    | Ankalagon: what do you have
 77407 | Zot:5    | PleasingFungus: more spiders maybe
 77407 | Zot:5    | PleasingFungus: or storms
 77407 | Zot:5    | Ankalagon: nah
 77407 | Zot:5    | PleasingFungus: hm. not storms actually
 77407 | Zot:5    | PleasingFungus: that won't work
 77407 | Zot:5    | Ankalagon: spiders
 77408 | Zot:5    | Fizybubbleh: now?
 77408 | Zot:5    | Ankalagon: quaff heal
 77408 | Zot:5    | Ankalagon: then kill that orb
 77410 | Zot:5    | Killed an orb of fire
 77411 | Zot:5    | Ankalagon: the lich now
 77411 | Zot:5    | PleasingFungus: oo, netted lich
 77411 | Zot:5    | Fizybubbleh: now?
 77411 | Zot:5    | Ankalagon: quaff haste
 77411 | Zot:5    | Ankalagon: then heal
 77412 | Zot:5    | Ankalagon: then kill the lich
 77415 | Zot:5    | Ankalagon: fuck
 77415 | Zot:5    | Fizybubbleh: teleport?
 77415 | Zot:5    | PleasingFungus: yes
 77415 | Zot:5    | PleasingFungus: this is a good time to leave, I think
 77415 | Zot:5    | PleasingFungus: 'nothing can go wrong'
 77415 | Zot:5    | Ankalagon: yep
 77417 | Zot:5    | PleasingFungus: lich?
 77417 | Zot:5    | Ankalagon: if you had might and rf+++ you could perhaps have killed em all
 77418 | Zot:5    | Killed an ancient lich
 77419 | Zot:5    | Ankalagon: hit the klown
 77419 | Zot:5    | Ankalagon: you'll get hp
 77420 | Zot:5    | PleasingFungus: surviving is good imho
 77420 | Zot:5    | Ankalagon: why arent you teleporting?
 77420 | Zot:5    | Fizybubbleh: why didnt teleport work???
 77421 | Zot:5    | PleasingFungus: hahah blurryfis
 77421 | Zot:5    | PleasingFungus: vis
 77421 | Zot:5    | Ankalagon: ouch
 77421 | Zot:5    | PleasingFungus: again?
 77421 | Zot:5    | Fizybubbleh: quaf heal?
 77421 | Zot:5    | Fizybubbleh: beserk?
 77421 | Zot:5    | Ankalagon: tele first
 77421 | Zot:5    | PleasingFungus: don't berzerk
 77421 | Zot:5    | Ankalagon: not zerk yeah
 77422 | Zot:5    | Ankalagon: read summoning
 77422 | Zot:5    | Ankalagon: no
 77422 | Zot:5    | Ankalagon: no
 77422 | Zot:5    | Ankalagon: hmm
 77422 | Zot:5    | Ankalagon: just hit the klown
 77422 | Zot:5    | PleasingFungus: I'd just hit the klown a little more
 77423 | Zot:5    | PleasingFungus: ya
 77423 | Zot:5    | Ankalagon: now heal
 77424 | Zot:5    | Ankalagon: dont do zot without might again :P
 77424 | Zot:5    | Fizybubbleh: heal again?
 77424 | Zot:5    | Ankalagon: do you have heal wand?
 77424 | Zot:5    | Fizybubbleh: nope
 77424 | Zot:5    | Fizybubbleh: never dropped
 77424 | Zot:5    | Fizybubbleh: phial???
 77424 | Zot:5    | Ankalagon: it'd be a waste
 77424 | Zot:5    | Ankalagon: since you'll teleport
 77424 | Zot:5    | Ankalagon: take a step se then nw imo
 77424 | Zot:5    | Fizybubbleh: what should i do?
 77426 | Zot:5    | Ankalagon: tele again
 77427 | Zot:5    | Ankalagon: stay close-ish to the clown
 77428 | Zot:5    | Ankalagon: ne
 77429 | Zot:5    | PleasingFungus: to minimize fireballing, yes
 77429 | Zot:5    | Ankalagon: n
 77429 | Zot:5    | Fizybubbleh: hit him?
 77430 | Zot:5    | PleasingFungus: sure, why not
 77447 | Zot:5    | Ankalagon: got get all those pots
 77463 | Zot:5    | Ankalagon: also buy more heals if they are there
 77466 | Zot:5    | PleasingFungus: hooray! you lived!
 77796 | Depths:4 | Fizybubbleh: il cure my mutations
 77796 | Depths:4 | Fizybubbleh: ok?
 77796 | Depths:4 | Bought a potion of heal wounds for 60 gold pieces
 77796 | Depths:4 | Bought a potion of might for 50 gold pieces
 77796 | Depths:4 | Bought a potion of heal wounds for 60 gold pieces
 77796 | Depths:4 | Bought a potion of heal wounds for 60 gold pieces
 77919 | Depths:2 | Lost mutation: Your vision is a little blurry. [potion of cure mutation]
 77919 | Depths:2 | Lost mutation: Your muscles are strong. (Str +2) [potion of cure mutation]
 77919 | Depths:2 | Lost mutation: You have a pair of small horns on your head. [potion of cure mutation]
 78170 | Orc:1    | Bought a potion of haste for 84 gold pieces
 78170 | Orc:1    | Bought a potion of heal wounds for 36 gold pieces
 78170 | Orc:1    | Bought a potion of might for 30 gold pieces
 78427 | Vaults:4 | Ankalagon: buy resist pots too
 78572 | Vaults:1 | Ankalagon: drop 4-5 curing
 79538 | Snake:2  | Fizybubbleh: done
 79538 | Snake:2  | Fizybubbleh: now?
 79538 | Snake:2  | Fizybubbleh: do i pick up food
 79538 | Snake:2  | Fizybubbleh: just incase?
 79538 | Snake:2  | Ankalagon: 4-5 rations are enough
 79690 | Snake:4  | Ankalagon: also dig wand for the ascension
 79690 | Snake:4  | Fizybubbleh: i got that
 79690 | Snake:4  | Fizybubbleh: for when u told me to have one
 79945 | Lair:2   | Fizybubbleh: are we done?
 80294 | D:13     | Ankalagon: probably
 80720 | Zot:5    | Fizybubbleh: resist
 80720 | Zot:5    | Fizybubbleh: haste
 80720 | Zot:5    | Fizybubbleh: might
 80720 | Zot:5    | Fizybubbleh: kill it?
 80720 | Zot:5    | Ankalagon: right
 80722 | Zot:5    | Ankalagon: all those before it's shooting at you preferably :P
 80733 | Zot:5    | Killed an orb of fire
 80922 | Zot:5    | Killed an orb of fire
 80953 | Zot:5    | Reached XP level 26. HP: 229/240 MP: 18/36
 81127 | Zot:5    | Fizybubbleh: now
 81127 | Zot:5    | Fizybubbleh: grab it
 81127 | Zot:5    | Fizybubbleh: haste
 81127 | Zot:5    | Fizybubbleh: or haste grab run?
 81127 | Zot:5    | Fizybubbleh: right
 81127 | Zot:5    | Fizybubbleh: and i didnt realize
 81127 | Zot:5    | Fizybubbleh: how much of a difference might did
 81127 | Zot:5    | Fizybubbleh: why?
 81127 | Zot:5    | Fizybubbleh: all it does is increase str
 81127 | Zot:5    | Ankalagon: no, it gives str and +1d10 damage
 81127 | Zot:5    | Fizybubbleh: oh damn
 81127 | Zot:5    | Ankalagon: which is huge
 81127 | Zot:5    | Fizybubbleh: i didnt know that
 81127 | Zot:5    | Fizybubbleh: can I start ascending?
 81127 | Zot:5    | Fizybubbleh: with haste
 81127 | Zot:5    | PleasingFungus: I'd wait for contam to wear off
 81127 | Zot:5    | PleasingFungus: because, why not
 81162 | Zot:5    | Noticed an ancient lich
 81163 | Zot:5    | PleasingFungus: if you die because of this, feel free to blame me
 81164 | Zot:5    | Ankalagon: hahaha
 81167 | Zot:5    | Ankalagon: spiders
 81168 | Zot:5    | Ankalagon: and haste
 81168 | Zot:5    | PleasingFungus: hm. actually just haste now - this got real exciting real fast
 81181 | Zot:5    | Killed an ancient lich
 81255 | Zot:5    | tabstorm: why isnt regen on
 81273 | Zot:5    | tabstorm: :)
 81288 | Zot:5    | PleasingFungus: Always Be Regenerating
 81323 | Zot:5    | PleasingFungus: or something
 81352 | Zot:5    | PleasingFungus: maybe eat a food
 81352 | Zot:5    | Fizybubbleh: ii want contam off
 81358 | Zot:5    | tabstorm: just kill the klown
 81364 | Zot:5    | tabstorm: no spectral weapom
 81365 | Zot:5    | tabstorm: ?
 81377 | Zot:5    | PleasingFungus: so many spells...
 81379 | Zot:5    | Fizybubbleh: ya
 81379 | Zot:5    | Fizybubbleh: i forget them
 81379 | Zot:5    | Fizybubbleh: and im rly scared atm
 81412 | Zot:5    | Fizybubbleh: do i start now
 81412 | Zot:5    | Fizybubbleh: did i forget ANYTHING
 81412 | Zot:5    | Fizybubbleh: besides haste
 81412 | Zot:5    | Ankalagon: just grab it and walk on the teletrap
 81413 | Zot:5    | Got the Orb of Zot
 81435 | Zot:5    | PleasingFungus: you're gonna be fine, probably
 81435 | Zot:5    | Fizybubbleh: i drop Z ok?
 81435 | Zot:5    | Ankalagon: whats Z
 81435 | Zot:5    | Fizybubbleh: fan of gales
 81435 | Zot:5    | Ankalagon: no
 81435 | Zot:5    | Fizybubbleh: im burdened
 81435 | Zot:5    | Ankalagon: drop disc
 81645 | Depths:5 | Noticed Clighoss the pandemonium lord
 81645 | Depths:5 | PleasingFungus: why are you not hasty
 81645 | Depths:5 | Ankalagon: always haste vs
 81645 | Depths:5 | PleasingFungus: also, tele, probably
 81645 | Depths:5 | Ankalagon: sentinels
 81645 | Depths:5 | Fizybubbleh: teleport?
 81645 | Depths:5 | PleasingFungus: yeah
 81645 | Depths:5 | Ankalagon: yeah
 81646 | Depths:5 | PleasingFungus: I gotta go but good luck!
 81719 | Depths:2 | Gained mutation: You tend to lose your temper in combat. [mutagenic glow]
 81724 | Depths:2 | Fizybubbleh: ii wanna blink or teleport
 81724 | Depths:2 | Fizybubbleh: dumb idea?
 81738 | Depths:1 | Noticed Shol the pandemonium lord
 81778 | Depths:1 | Gained mutation: Armour fits poorly on your strangely shaped body. [mutagenic glow]
 81791 | Depths:1 | Noticed Broclon the pandemonium lord
 81794 | Depths:1 | Ankalagon: yeah tele
 81801 | Depths:1 | Ankalagon: bad idea to fight pan lords unless you can kill em quickly
 81801 | Depths:1 | Fizybubbleh: i wanted to distract him
 81801 | Depths:1 | Fizybubbleh: do i teleport
 81801 | Depths:1 | Fizybubbleh: or phial him
 81801 | Depths:1 | Ankalagon: the exec is faster than you
 81801 | Depths:1 | Ankalagon: hm
 81801 | Depths:1 | Ankalagon: haste then walk in the corridor
 81805 | Depths:1 | Ankalagon: when you're inside it phial him
 81923 | D:13     | Noticed Phejaoj the pandemonium lord
 82198 | D:1      | Fizybubbleh: whats that demon
 82198 | D:1      | Fizybubbleh: ive never seen that before
 82198 | D:1      | Ankalagon: he's a ds
 82198 | D:1      | Fizybubbleh: do i kill it
 82198 | D:1      | Fizybubbleh: or blink
 82198 | D:1      | Ankalagon: can throw conjurations I think
 82198 | D:1      | Fizybubbleh: can i just spamn my blinks?
 82198 | D:1      | Fizybubbleh: or not -ctele
 82198 | D:1      | Ankalagon: he's not very strong, just kill him
 82250 | D:1      | Fizybubbleh: Thank
 82250 | D:1      | Fizybubbleh: you
 82250 | D:1      | Fizybubbleh: soooo much
 82250 | D:1      | Fizybubbleh: omg
 82250 | D:1      | Ankalagon: gg
 82250 | D:1      | Ankalagon: :)
 82250 | D:1      | Fizybubbleh: 45 tries
 82250 | D:1      | HunterOfWisdom: Conratulations. :)
 82250 | D:1      | Fizybubbleh: Did i improve at all?
 82250 | D:1      | Fizybubbleh: or still shit
 82250 | D:1      | tabstorm: well
 82250 | D:1      | Fizybubbleh: I still cant do zot well
 82250 | D:1      | Fizybubbleh: I didnt know might was good in there
 82250 | D:1      | tabstorm: thats like 4 wins now
 82250 | D:1      | Fizybubbleh: ya but i needed someone to help me in zot always
 82250 | D:1      | Fizybubbleh: im learning thou
 82250 | D:1      | Ankalagon: well
 82250 | D:1      | Ankalagon: the best way to learn is to splat some dudes
 82250 | D:1      | Ankalagon: :D
 82250 | D:1      | Ankalagon: burned hand and all
 82250 | D:1      | Fizybubbleh: ya
 82250 | D:1      | Fizybubbleh: i actually reached end game rly easily with this guy
 82250 | D:1      | Fizybubbleh: I knew what i can take and cant
 82250 | D:1      | NOPE: gG
 82250 | D:1      | Fizybubbleh: god
 82250 | D:1      | Fizybubbleh: why did i get mutated thou
 82250 | D:1      | Fizybubbleh: by that oof
 82250 | D:1      | tabstorm: It happens
 82250 | D:1      | Fizybubbleh: shouldnt X have stopped that?
 82250 | D:1      | tabstorm: no big deal
 82250 | D:1      | NOPE: rmut isn't 100%
 82250 | D:1      | tabstorm: its only 90%
 82250 | D:1      | tabstorm: or 95
 82250 | D:1      | NOPE: ye
 82250 | D:1      | tabstorm: because
 82250 | D:1      | NOPE: 90 I think
 82250 | D:1      | tabstorm: muh interest
 82250 | D:1      | Fizybubbleh: god im happy haha
 82250 | D:1      | Fizybubbleh: this combo was the worst to learn
 82250 | D:1      | Fizybubbleh: for some dumb reason
 82250 | D:1      | NOPE: how happy on a scale of 1-10
 82250 | D:1      | Ankalagon: also muts by contamination have 50% chance to bypass rmut
 82250 | D:1      | Fizybubbleh: 10 :D
 82250 | D:1      | Fizybubbleh: the other 3 wins took 7 tries
 82250 | D:1      | Fizybubbleh: this dude
 82250 | D:1      | Fizybubbleh: 37ish
 82250 | D:1      | Ankalagon: anyway, muts dont matter near the endgame
 82250 | D:1      | Ankalagon: unless its like slow healing 3
 82250 | D:1      | Fizybubbleh: I got ebeserk thou
 82250 | D:1      | NOPE: ye
 82250 | D:1      | Fizybubbleh: wich was horrible
 82250 | D:1      | Fizybubbleh: im happy it didnt proc
 82250 | D:1      | Ankalagon: berserk can be blocked with clarity
 82250 | D:1      | Ankalagon: which ash gives you :P
 82250 | D:1      | Fizybubbleh: but ash
 82250 | D:1      | Fizybubbleh: oooh
 82250 | D:1      | Fizybubbleh: i forgot
 82250 | D:1      | Fizybubbleh: haha
 82250 | D:1      | Fizybubbleh: was my skilling ok?
 82250 | D:1      | Fizybubbleh: what could I have done better?
 82250 | D:1      | Ankalagon: how do you mean better
 82250 | D:1      | Ankalagon: you won, there is no better
 82250 | D:1      | Fizybubbleh: i could have done something better i mean
 82250 | D:1      | Fizybubbleh: as in did i skill wrong
 82251 | D:$      | Escaped with the Orb!

Action                   |  1- 3 |  4- 6 |  7- 9 | 10-12 | 13-15 | 16-18 | 19-21 | 22-24 | 25-27 || total
-------------------------+-------+-------+-------+-------+-------+-------+-------+-------+-------++-------
Melee: Club              |    10 |       |       |       |       |       |       |       |       ||    10
       Unarmed           |     6 |       |       |       |       |       |       |       |       ||     6
       Short sword       |     8 |     4 |       |       |       |       |       |       |       ||    12
       Spear             |       |   127 |       |       |       |       |       |       |       ||   127
       Falchion          |       |    10 |       |       |       |       |       |       |       ||    10
       Trident           |       |     1 |   182 |       |       |       |       |       |       ||   183
       Glaive            |       |       |    84 |   606 |  1953 |  1361 |  2228 |  1957 |   579 ||  8768
 Fire: Sling             |       |    17 |     5 |       |       |       |       |       |       ||    22
 Cast: Freeze            |    55 |    80 |   160 |   148 |     9 |       |       |       |       ||   452
       Ozocubu's Armour  |       |     7 |    19 |    18 |    38 |    22 |    40 |    36 |    15 ||   195
       Throw Icicle      |       |       |     9 |    68 |   101 |    90 |    13 |     6 |       ||   287
       Condensation Shie |       |       |     6 |    17 |    41 |    21 |    38 |    33 |    17 ||   173
       Summon Ice Beast  |       |       |     1 |       |       |       |       |       |       ||     1
       Blink             |       |       |       |       |     2 |     1 |     1 |       |       ||     4
       Repel Missiles    |       |       |       |       |     2 |     2 |     1 |     3 |       ||     8
       Haste             |       |       |       |       |    19 |    23 |    31 |    20 |    16 ||   109
       Freezing Cloud    |       |       |       |       |       |    15 |    15 |    30 |     5 ||    65
       Song of Slaying   |       |       |       |       |       |     3 |    26 |    19 |     2 ||    50
       Summon Butterflie |       |       |       |       |       |       |     1 |       |       ||     1
       Regeneration      |       |       |       |       |       |       |     8 |    13 |    10 ||    31
       Spectral Weapon   |       |       |       |       |       |       |     6 |     4 |     8 ||    18
Invok: Scrying           |       |       |       |       |       |     3 |       |     2 |     1 ||     6
 Abil: Evoke Blink       |       |       |     1 |       |       |       |       |       |       ||     1
Evoke: Wand              |       |       |     2 |     4 |    10 |     7 |       |     1 |     1 ||    25
       Sack of spiders   |       |       |       |       |     1 |     1 |       |     2 |     3 ||     7
       Phial of floods   |       |       |       |       |     1 |     4 |       |       |     3 ||     8
       Fan of gales      |       |       |       |       |       |     1 |       |       |       ||     1
  Use: Scroll            |       |     9 |    17 |    16 |    16 |    18 |    12 |    15 |    13 ||   116
       Potion            |       |     1 |       |     2 |     5 |     4 |     4 |     1 |    14 ||    31
 Stab: Sleeping          |     1 |     4 |     7 |    12 |    28 |    21 |    20 |    23 |    12 ||   128
       Invisible         |       |       |       |     2 |       |       |       |       |       ||     2
       Distracted        |       |       |       |       |     8 |    10 |     2 |    14 |     5 ||    39
       Fleeing           |       |       |       |       |     2 |       |       |       |       ||     2
       Confused          |       |       |       |       |       |     1 |       |       |       ||     1
       Paralysed         |       |       |       |       |       |       |     1 |       |       ||     1
       Held in net/web   |       |       |       |       |       |       |       |     1 |       ||     1
